TOP OF THE 1ST |
Connetquot Chiefs batting - Pitching for Louisiana Dragoons : RHP Emil Olsson
|
Pitching: RHP Emil Olsson
|
|
Batting: RHB Ed Gambrell
|
0-0: Ball 1-0: Foul Ball, location: 2F 1-1: Foul Ball, location: 2F 1-2: Ball 2-2: Strikes out looking
|
Batting: RHB Sang Hong-Do
|
0-0: Called Strike 0-1: Swinging Strike 0-2: Ball 1-2: Foul Ball, location: 2F 1-2: Strikes out swinging
|
Batting: LHB SaQwan Hackett
|
0-0: Foul Ball, location: 2F 0-1: Swinging Strike 0-2: Foul Ball, location: 2F 0-2: Fly out, F4 (Popup, 4)
|
Top of the 1st over - 0 run(s), 0 hit(s), 0 error(s), 0 left on base; Connetquot 0 - Louisiana 0 |
BOTTOM OF THE 1ST |
Louisiana Dragoons batting - Pitching for Connetquot Chiefs : RHP Armando Ortíz
|
Pitching: RHP Armando Ortíz
|
|
Batting: RHB Kevin Johnson
|
0-0: Foul Ball, location: 2F 0-1: Ball 1-1: Swinging Strike 1-2: Ground out 5-3 (Groundball, 5)
|
Batting: RHB Jody Bennett
|
0-0: Ball 1-0: Ball 2-0: Ball 3-0: Called Strike 3-1: Foul Ball, location: 2F 3-2: Ground out 5-3 (Groundball, 56)
|
Batting: RHB Wessel Wemerman
|
0-0: Called Strike 0-1: Ball 1-1: Ball 2-1: Ball 3-1: Swinging Strike 3-2: Foul Ball, location: 2F 3-2: Foul Ball, location: 2F 3-2: Base on Balls
|
Batting: RHB Armond Merlin
|
0-0: Called Strike 0-1: Ball Wild Pitch! Wessel Wemerman to second 1-1: Ball 2-1: Fly out, F9 (Flyball, 89M)
|
Bottom of the 1st over - 0 run(s), 0 hit(s), 0 error(s), 1 left on base; Connetquot 0 - Louisiana 0 |
TOP OF THE 2ND |
Connetquot Chiefs batting - Pitching for Louisiana Dragoons : RHP Emil Olsson
|
Batting: RHB Geoffrey Broekhuizen
|
0-0: Called Strike 0-1: Ball 1-1: Ball 2-1: Fly out, F9 (Flyball, 9LS)
|
Batting: RHB Pablo Ledesma
|
0-0: SOLO HOME RUN (Flyball, 89XD), Distance : 424 ft
|
Batting: RHB Dale Quick
|
0-0: SOLO HOME RUN (Flyball, 8LXD), Distance : 445 ft
|
Batting: LHB Steve Sconiers
|
0-0: Ball 1-0: Ball 2-0: Ground out U3 (Groundball, 34)
|
Batting: RHB Emanuel Bree
|
0-0: Foul Ball, location: 2F 0-1: Called Strike 0-2: Ball 1-2: Ball 2-2: Ball 3-2: Foul Ball, location: 2F 3-2: Fly out, F7 (Flyball, 7S)
|
Top of the 2nd over - 2 run(s), 2 hit(s), 0 error(s), 0 left on base; Connetquot 2 - Louisiana 0 |
BOTTOM OF THE 2ND |
Louisiana Dragoons batting - Pitching for Connetquot Chiefs : RHP Armando Ortíz
|
Batting: RHB Emmanuele Lucchetti
|
0-0: Called Strike 0-1: Ball 1-1: Called Strike 1-2: Fly out, F8 (Flyball, 8LS)
|
Batting: RHB Giuseppe Provolone
|
0-0: Fly out, F9 (Flyball, 89M)
|
Batting: RHB Charles Rowell
|
0-0: Ball 1-0: Foul Ball, location: 2F 1-1: Ball 2-1: Swinging Strike 2-2: Ball 3-2: Base on Balls
|
Batting: RHB José Ortíz
|
0-0: Ball 1-0: Ball 2-0: Ball Charles Rowell steals 2nd base 3-0: Called Strike 3-1: Ground out 5-3 (Groundball, 56)
|
Bottom of the 2nd over - 0 run(s), 0 hit(s), 0 error(s), 1 left on base; Connetquot 2 - Louisiana 0 |
TOP OF THE 3RD |
Connetquot Chiefs batting - Pitching for Louisiana Dragoons : RHP Emil Olsson
|
Batting: RHB Jesús Quintana
|
0-0: Called Strike 0-1: Swinging Strike 0-2: Fly out, F9 (Flyball, 9)
|
Batting: RHB Ed Gambrell
|
0-0: Foul Ball, location: 2F 0-1: Ball 1-1: Foul Ball, location: 2F 1-2: Foul Ball, location: 2F 1-2: Foul Ball, location: 2F 1-2: Ball 2-2: Strikes out swinging
|
Batting: RHB Sang Hong-Do
|
0-0: Ball 1-0: Foul Ball, location: 2F 1-1: Ball 2-1: SINGLE (Line Drive, 4D)
|
Batting: LHB SaQwan Hackett
|
0-0: Ball 1-0: Ball 2-0: Called Strike 2-1: Foul Ball, location: 2F 2-2: Ball 3-2: Ground out 4-3 (Groundball, 4)
|
Top of the 3rd over - 0 run(s), 1 hit(s), 0 error(s), 1 left on base; Connetquot 2 - Louisiana 0 |
BOTTOM OF THE 3RD |
Louisiana Dragoons batting - Pitching for Connetquot Chiefs : RHP Armando Ortíz
|
Batting: LHB Scott Kerin
|
0-0: SINGLE (Flyball, 8LS)
|
Batting: RHB Kevin Johnson
|
0-0: Ball 1-0: Ball 2-0: Foul Ball, location: 2F 2-1: Ball 3-1: Foul Ball, location: 2F 3-2: Base on Balls Scott Kerin to second
|
Batting: RHB Jody Bennett
|
0-0: Ball 1-0: Called Strike 1-1: Ball 2-1: Ball 3-1: Fly out, F6 (Popup, 6)
|
Batting: RHB Wessel Wemerman
|
0-0: Foul Ball, location: 2F 0-1: Ball 1-1: Fly out, F7 (Line Drive, 78D)
|
Batting: RHB Armond Merlin
|
0-0: Ball 1-0: Called Strike 1-1: Single, Error in OF, E9, batter to second base Scott Kerin scores Kevin Johnson to third
|
Batting: RHB Emmanuele Lucchetti
|
0-0: Called Strike 0-1: Foul Ball, location: 2F 0-2: Ball 1-2: Strikes out swinging
|
Bottom of the 3rd over - 1 run(s), 2 hit(s), 1 error(s), 2 left on base; Connetquot 2 - Louisiana 1 |
TOP OF THE 4TH |
Connetquot Chiefs batting - Pitching for Louisiana Dragoons : RHP Emil Olsson
|
Batting: RHB Geoffrey Broekhuizen
|
0-0: Called Strike 0-1: Swinging Strike 0-2: Strikes out swinging
|
Batting: RHB Pablo Ledesma
|
0-0: Foul Ball, location: 2F 0-1: Ball 1-1: Ball 2-1: Foul Ball, location: 2F 2-2: Fly out, F8 (Flyball, 8RM)
|
Batting: RHB Dale Quick
|
0-0: Ball 1-0: Ball 2-0: Called Strike 2-1: Ball 3-1: Base on Balls
|
Batting: LHB Steve Sconiers
|
0-0: Ball 1-0: Called Strike 1-1: Ball 2-1: Fly out, F7 (Flyball, 7S)
|
Top of the 4th over - 0 run(s), 0 hit(s), 0 error(s), 1 left on base; Connetquot 2 - Louisiana 1 |
BOTTOM OF THE 4TH |
Louisiana Dragoons batting - Pitching for Connetquot Chiefs : RHP Armando Ortíz
|
Batting: RHB Giuseppe Provolone
|
0-0: Swinging Strike 0-1: Called Strike 0-2: Strikes out looking
|
Batting: RHB Charles Rowell
|
0-0: Called Strike 0-1: Foul Ball, location: 2F 0-2: Foul Ball, location: 2F 0-2: Fly out, F8 (Flyball, 8LD)
|
Batting: RHB José Ortíz
|
0-0: Called Strike 0-1: Called Strike 0-2: Strikes out looking
|
Bottom of the 4th over - 0 run(s), 0 hit(s), 0 error(s), 0 left on base; Connetquot 2 - Louisiana 1 |
TOP OF THE 5TH |
Connetquot Chiefs batting - Pitching for Louisiana Dragoons : RHP Emil Olsson
|
Batting: RHB Emanuel Bree
|
0-0: Called Strike 0-1: Ball 1-1: Ball 2-1: Ball 3-1: Fly out, F8 (Flyball, 78D)
|
Batting: RHB Jesús Quintana
|
0-0: Ball 1-0: Ball 2-0: Called Strike 2-1: DOUBLE (Flyball, 9LM)
|
Batting: RHB Ed Gambrell
|
0-0: Called Strike 0-1: Ball 1-1: Ball 2-1: SINGLE (Flyball, 9S) Jesús Quintana to third Runner from 3rd tries for Home, SAFE, no throw
|
Batting: RHB Sang Hong-Do
|
0-0: Called Strike 0-1: Ball 1-1: Ball 2-1: Swinging Strike 2-2: Foul Ball, location: 2F 2-2: Strikes out swinging
|
Batting: LHB SaQwan Hackett
|
0-0: Ball 1-0: Called Strike 1-1: Swinging Strike 1-2: Ball 2-2: Foul Ball, location: 2F 2-2: Foul Ball, location: 2F 2-2: Ball 3-2: Foul Ball, location: 2F 3-2: Strikes out looking
|
Top of the 5th over - 1 run(s), 2 hit(s), 0 error(s), 1 left on base; Connetquot 3 - Louisiana 1 |
BOTTOM OF THE 5TH |
Louisiana Dragoons batting - Pitching for Connetquot Chiefs : RHP Armando Ortíz
|
Batting: LHB Scott Kerin
|
0-0: Fly out, F8 (Flyball, 8LM)
|
Batting: RHB Kevin Johnson
|
0-0: Called Strike 0-1: Foul Ball, location: 2F 0-2: Ball 1-2: Ball 2-2: Ground out 4-3 (Groundball, 4MS)
|
Batting: RHB Jody Bennett
|
0-0: Ball 1-0: Foul Ball, location: 2F 1-1: Called Strike 1-2: SINGLE (Groundball, 25) (infield hit)
|
Batting: RHB Wessel Wemerman
|
0-0: Ball Wild Pitch! Jody Bennett to second 1-0: Foul Ball, location: 2F 1-1: Called Strike 1-2: Foul Ball, location: 2F 1-2: Strikes out swinging wild pitch, reaches first! Jody Bennett to third
|
Batting: RHB Armond Merlin
|
0-0: Ball 1-0: Called Strike 1-1: Called Strike 1-2: Fielders Choice at 2nd, U4 (Groundball, 4M)
|
Bottom of the 5th over - 0 run(s), 1 hit(s), 0 error(s), 2 left on base; Connetquot 3 - Louisiana 1 |
TOP OF THE 6TH |
Connetquot Chiefs batting - Pitching for Louisiana Dragoons : RHP Emil Olsson
|
Pitching: RHP Woody Hudson
|
|
Batting: RHB Geoffrey Broekhuizen
|
0-0: Swinging Strike 0-1: Called Strike 0-2: Ball 1-2: Strikes out swinging
|
Batting: RHB Pablo Ledesma
|
0-0: Called Strike 0-1: Ball 1-1: Ball 2-1: SINGLE (Flyball, 6MD)
|
Batting: RHB Dale Quick
|
0-0: Called Strike 0-1: SINGLE (Line Drive, 5L) Pablo Ledesma to second
|
Batting: LHB Steve Sconiers
|
0-0: Ball 1-0: Foul Ball, location: 2F 1-1: Ball 2-1: Swinging Strike 2-2: Fielders Choice at 2nd, 4-6 (Groundball, 34) Pablo Ledesma to third
|
Batting: RHB Emanuel Bree
|
0-0: Foul Ball, location: 2F 0-1: Called Strike 0-2: Ball 1-2: Strikes out looking
|
Top of the 6th over - 0 run(s), 2 hit(s), 0 error(s), 2 left on base; Connetquot 3 - Louisiana 1 |
BOTTOM OF THE 6TH |
Louisiana Dragoons batting - Pitching for Connetquot Chiefs : RHP Armando Ortíz
|
Batting: RHB Emmanuele Lucchetti
|
0-0: Swinging Strike 0-1: Foul Ball, location: 2F 0-2: Strikes out swinging
|
Batting: RHB Giuseppe Provolone
|
0-0: Called Strike 0-1: Ball 1-1: Fly out, F9 (Flyball, 9S)
|
Batting: RHB Charles Rowell
|
0-0: Ball 1-0: Swinging Strike 1-1: Ball 2-1: Swinging Strike 2-2: Foul Ball, location: 2F 2-2: Ball 3-2: Fly out, F7 (Flyball, 7)
|
Bottom of the 6th over - 0 run(s), 0 hit(s), 0 error(s), 0 left on base; Connetquot 3 - Louisiana 1 |
TOP OF THE 7TH |
Connetquot Chiefs batting - Pitching for Louisiana Dragoons : RHP Woody Hudson
|
Batting: RHB Jesús Quintana
|
0-0: Ground out 5-3 (Groundball, 56S)
|
Batting: RHB Ed Gambrell
|
0-0: Ball 1-0: Ball 2-0: Foul Ball, location: 2F 2-1: Ball 3-1: Called Strike 3-2: Strikes out swinging
|
Batting: RHB Sang Hong-Do
|
0-0: Fly out, F6 (Line Drive, 6MD)
|
Top of the 7th over - 0 run(s), 0 hit(s), 0 error(s), 0 left on base; Connetquot 3 - Louisiana 1 |
BOTTOM OF THE 7TH |
Louisiana Dragoons batting - Pitching for Connetquot Chiefs : RHP Armando Ortíz
|
Batting: RHB José Ortíz
|
0-0: Ball 1-0: DOUBLE (Flyball, 78M)
|
Batting: LHB Scott Kerin
|
0-0: Called Strike 0-1: Hit by Pitch
|
Pinch Hitting: RHB Warren Willis
|
0-0: Sac Bunt - play at first, batter OUT! 1-3 José Ortíz to third Scott Kerin to second
|
Pinch Hitting: LHB Carlos Pińa
|
0-0: Called Strike 0-1: Ball 1-1: Ball 2-1: Foul Ball, location: 2F 2-2: Foul Ball, location: 2F 2-2: SINGLE (Line Drive, 9LS) José Ortíz scores Scott Kerin to third Runner from 3rd tries for Home, throw and OUT! Carlos Pińa to second
|
Batting: RHB Wessel Wemerman
|
0-0: Fly out, F8 (Flyball, 8LM)
|
Bottom of the 7th over - 1 run(s), 2 hit(s), 0 error(s), 1 left on base; Connetquot 3 - Louisiana 2 |
TOP OF THE 8TH |
Connetquot Chiefs batting - Pitching for Louisiana Dragoons : RHP Woody Hudson
|
Now at 3B: Rodrigo Rodríguez
|
|
Now in CF: Warren Willis
|
|
Batting: LHB SaQwan Hackett
|
0-0: Ball 1-0: Ball 2-0: Called Strike 2-1: Ball 3-1: Base on Balls
|
Pinch Runner at 1st Javier Cordero:
|
|
Batting: RHB Geoffrey Broekhuizen
|
0-0: Ball 1-0: Ball 2-0: Called Strike 2-1: Called Strike 2-2: Strikes out swinging
|
Batting: RHB Pablo Ledesma
|
0-0: Called Strike 0-1: Ball 1-1: Ground out 4-3 (Groundball, 34) Javier Cordero to second
|
Pinch Hitting: SHB Jim Unknown
|
0-0: Foul Ball, location: 2F 0-1: Ball 1-1: Fly out, F7 (Flyball, 78M)
|
Top of the 8th over - 0 run(s), 0 hit(s), 0 error(s), 1 left on base; Connetquot 3 - Louisiana 2 |
BOTTOM OF THE 8TH |
Louisiana Dragoons batting - Pitching for Connetquot Chiefs : RHP Armando Ortíz
|
Now at 3B: Javier Cordero
|
|
Now in RF: Jim Unknown
|
|
Batting: RHB Armond Merlin
|
0-0: Called Strike 0-1: Called Strike 0-2: Strikes out looking
|
Pitching: LHP Mario Hurrado
|
|
Batting: RHB Emmanuele Lucchetti
|
0-0: SINGLE (Groundball, 6D)
|
Pitching: RHP Robinson Luján
|
|
Batting: RHB Giuseppe Provolone
|
0-0: Ball Pickoff Throw to First - Out! 1-0: Ball 2-0: Ball 3-0: Called Strike 3-1: DOUBLE (Line Drive, 7LM)
|
Batting: RHB Charles Rowell
|
0-0: Ball 1-0: Ball 2-0: Ball 3-0: Foul Ball, location: 2F 3-1: Base on Balls
|
Batting: RHB José Ortíz
|
0-0: Called Strike 0-1: Ball 1-1: Foul Ball, location: 2F 1-2: Foul Ball, location: 2F 1-2: Foul Ball, location: 2F 1-2: Ball 2-2: Foul Ball, location: 2F 2-2: Ball 3-2: Foul Ball, location: 2F 3-2: Strikes out looking
|
Bottom of the 8th over - 0 run(s), 2 hit(s), 0 error(s), 2 left on base; Connetquot 3 - Louisiana 2 |
TOP OF THE 9TH |
Connetquot Chiefs batting - Pitching for Louisiana Dragoons : RHP Woody Hudson
|
Pitching: LHP Drew Cullen
|
|
Batting: LHB Steve Sconiers
|
0-0: Foul Ball, location: 2F 0-1: Ball 1-1: Swinging Strike 1-2: Strikes out swinging
|
Batting: RHB Emanuel Bree
|
0-0: Ball 1-0: Ball 2-0: Foul Ball, location: 2F 2-1: Fly out, F9 (Flyball, 89M)
|
Batting: RHB Jesús Quintana
|
0-0: Ground out 4-3 (Groundball, 4)
|
Top of the 9th over - 0 run(s), 0 hit(s), 0 error(s), 0 left on base; Connetquot 3 - Louisiana 2 |
BOTTOM OF THE 9TH |
Louisiana Dragoons batting - Pitching for Connetquot Chiefs : RHP Robinson Luján
|
Pitching: RHP Carlos Rosales
|
|
Batting: LHB Scott Kerin
|
0-0: Fly out, F8 (Flyball, 78D)
|
Batting: RHB Warren Willis
|
0-0: Foul Ball, location: 2F 0-1: Ground out 5-3 (Groundball, 56S)
|
Batting: RHB Rodrigo Rodríguez
|
0-0: Ball 1-0: Called Strike 1-1: Ball 2-1: Ball 3-1: Ground out 4-3 (Groundball, 4)
|
Bottom of the 9th over - 0 run(s), 0 hit(s), 0 error(s), 0 left on base; Connetquot 3 - Louisiana 2 |
|